 Dungeon Sprint DCSS version 0.27.0-1-g7a089689b8 (webtiles) character file.

Game seed: 4368585094720689202

94604 xpp the Acrobat (level 15, -6/243 HPs)
             Began as a Pale Draconian Berserker on July 31, 2021.
             Was a High Priest of Trog.
             Killed from afar by Gloorx Vloq (21 damage)
             ... with a foul vapour
             ... in the Dungeon (Sprint II: "The Violet Keep of Menkaure") on Aug 1, 2021.
             The game lasted 02:06:20 (8947 turns).

xpp the Acrobat (Pale Draconian Berserker)          Turns: 8947, Time: 02:06:21

Health: -6/243     AC: 17    Str: 21    XL:     15   Next: 64%
Magic:  13/13      EV: 23    Int: 11    God:    Trog [*****.]
Gold:   1592       SH:  5    Dex: 12    Spells: 14/14 levels left

rFire    + + +     SeeInvis .   c - +7 scimitar of Feavuz {flame, Fly}
rCold    + . .     Faith    .   (no shield)
rNeg     . . .     Spirit   .   (armour unavailable)
rPois    +         Reflect  +   u - +2 hat {Will+}
rElec    +         Harm     .   l - +2 cloak {Stlth+}
rCorr    +         Rampage  .   i - +1 pair of gloves
Will     +++++     NoTele   +   D - +0 pair of boots
Stlth    ..........             C - amulet of reflection
HPRegen  1.50/turn              g - ring of protection from fire
MPRegen  0.13/turn              j - ring of protection from fire

@: berserking, resistant, strong-willed, flying, regenerating, studying 2
skills, very quick
A: breathe steam, AC +9, unfitting armour, cold-blooded, steam resistance,
clever 1, clumsy 1, fire resistance 1, low mp 1, strong-willed 1, evolution 1,
MP-powered wands, noise suppression
a: Breathe Steam, Renounce Religion, Berserk, Trog's Hand, Brothers in Arms


You were in the Dungeon.
You worshipped Trog.
Trog was extremely pleased with you.
You visited 1 branch You collected 5422 gold pieces.
You spent 3830 gold pieces at shops.

Inventory:

Hand Weapons
 c - the +7 scimitar of Feavuz (weapon) {flame, Fly}
   (Trog gifted it to you in the Dungeon)

   It burns those it strikes, dealing additional fire damage.
   Big, fiery blades are also staple armaments of hydra-hunters.
   Fly:       It grants you flight.
 m - the +8 great sword "Qewylo" {antimagic, *Slow +Blink rN++ Stlth+}
   (Trog gifted it to you in the Dungeon)

   It reduces the magical energy of the wielder, and disrupts the spells and
   magical abilities of those it strikes.
   Natural abilities and divine invocations are not affected.
   rN:        It greatly protects you from negative energy.
   +Blink:    It lets you blink.
   *Slow:     It may slow you when you take damage.
   Stlth:     It makes you more stealthy.
 p - a +4 demon blade of flaming
 q - the +7 long sword "Popros" {vorpal, rPois Will++}
   (Trog gifted it to you in the Dungeon)

   It inflicts extra damage upon your enemies.
   rPois:     It protects you from poison.
   Will:      It greatly increases your willpower.
 s - the +5 double sword of a Labyrinth {protect, rPois}
   (You acquired it in the Dungeon)

   It grants its wielder temporary protection when it strikes (+7 to AC).
   rPois:     It protects you from poison.
Armour
 i - a +1 pair of gloves (worn)
 l - a +2 cloak of stealth (worn)
 u - a +2 hat of willpower (worn)
 D - a +0 pair of boots (worn)
Jewellery
 g - a ring of protection from fire (left hand)
 h - an amulet of regeneration
 j - a ring of protection from fire (right hand)
 k - a ring of protection from cold
 o - the ring "Igumes" {rElec rCorr}
   (You acquired it in the Dungeon)

   [ring of resist corrosion]

   rElec:     It insulates you from electricity.
   rCorr:     It protects you from acid and corrosion.
 A - a ring of see invisible
 B - the ring "Ofuthohe" {Ice Stlth+}
   (You found it in the Dungeon)

   [ring of ice]

   It enhances your ice magic.
   rF:        It makes you vulnerable to fire.
   rC:        It protects you from cold.
   Stlth:     It makes you more stealthy.
 C - an amulet of reflection (around neck)
Scrolls
 r - a scroll of identify
 t - a scroll of brand weapon
 w - a scroll of blinking
 y - a scroll of fear
 E - a scroll of enchant armour
Potions
 b - 12 potions of curing
 d - 9 potions of haste
 e - 14 potions of magic
 n - 19 potions of mutation
Miscellaneous
 f - a piece from Xom's chessboard (15/15)
 x - a piece from Xom's chessboard (15/15)
 z - a piece from Xom's chessboard (15/15)


   Skills:
 + Level 22.4 Fighting
 + Level 19.0 Long Blades
 - Level 0.7 Crossbows
 * Level 25.0 Dodging
 * Level 6.0 Shields


You had 14 spell levels left.
You didn't know any spells.
Your spell library was empty.

Dungeon Overview and Level Annotations

Branches:
Dungeon (1/1)

Altars:
Cheibriados
Dithmenos
Elyvilon
Fedhas
Gozag
Hepliaklqana
Kikubaaqudgha
Makhleb
Nemelex Xobeh
Okawaru
Qazlal
Ru
Sif Muna
Trog
Uskayaw
Vehumet
Wu Jian
Xom
Yredelemnul
Zin
The Shining One
Beogh
Jiyva
Lugonu

Shops:
D ??=::[?!:*[*([?=?:*=:!*=:[?!=(=:

Annotations:
D Gloorx Vloq


Innate Abilities, Weirdness & Mutations

You can breathe blasts of scalding, opaque steam.
Your pale cyan-grey scales are hard. (AC +9)
You cannot fit into any form of body armour.
You are cold-blooded and may be slowed by cold attacks.
You are immune to the effects of steam.
Your mind is acute. (Int +2)
You are clumsy. (Dex -2)
Your flesh is heat resistant. (rF+)
Your magical capacity is low. (-10% MP)
You are strong-willed. (Will+)
You evolve.
You expend magic power (3 MP) to strengthen your wands.
You passively dampen the noise of your surroundings.


Message History

You are exhausted.
You feel yourself slow down.
You start resting.
You feel the effects of Trog's Hand fading.
You start resting.
Your skin stops crawling.
You feel less strong-willed.
You start resting.
You feel yourself speed up.
You start resting.
You recover from your berserk rage.
You start resting.
HP restored.
You reach down and open the door.
There is an open door here.
You see here a book of Frost.
There is an open door here.
You see here Roxanne's Catalogue of Earth.
There is an open door here.
You see here 7 poisoned darts.
Things that are here:
a +2 vorpal great sword; a +0 helmet Gloorx Vloq moans, "Thy skull shall be my dinner!"
You see here 7 poisoned darts.
Gloorx Vloq calls on the powers of darkness!
Your body is wracked with pain!
Your skin crawls.
You feel strong-willed.
Gloorx Vloq calls on the powers of darkness!
Your body is wracked with pain!
* * * LOW HITPOINT WARNING * * *
You feel protected.
Gloorx Vloq hits you but does no damage.
Gloorx Vloq hits you!!
* * * LOW HITPOINT WARNING * * *
Okay, then.
A red film seems to cover your vision as you go berserk!
You feel yourself moving faster!
You feel mighty!
Gloorx Vloq gestures.
Gloorx Vloq gestures at you. The foul vapour engulfs you!!
You die...

▓(..((([(▓▓...▓.▓.'≈..§'.#
▓.(...)..▓▓...▓)▓.'§..≈'.#
▓.(.....)▓▓...▓.▓§'≈§.≈'.#
▓....).).▓▓.⌠.▓.▓|▓≈..≈▓.#
▓((.[..).▓▓...▓.▓.▓§§.§▓)#
▓▓▓▓▓▓▓'▓▓▓▓'▓▓§▓▓▓≈..≈▓▓#
≈≈≈≈≈≈≈)..≈≈≈▓§§1)§§§[##
###.#'###.≈≈≈▓§§&§§§[##
._..§≈§≈##≈≈≈▓§§@§§§##
_._.#§§≈≈####▓▓▓▓▓1##
._._#§§§§§##..#..▓≈#
_._.#≈≈§§§≈#.§#..▓≈#
._._#≈≈§§§§'..'..▓≈#
_._.#≈≈§§§≈#..#..▓≈#
._._#≈≈≈§≈§▓..#..▓≈#
_...#≈≈≈≈▓▓▓▓▓▓▓▓▓≈#
#####§§≈≈▓...≈≈≈≈≈≈#


You could see Gloorx Vloq and 2 Executioners.

Vanquished Creatures
  Nikola (D)
  A golden dragon (D)
  A bone dragon (D)
  A hellephant (D)
  2 quicksilver dragons (D)
  A deep elf blademaster (D)
  Gastronok (D)
  A kraken (D)
  A storm dragon (D)
  Kirke (D)
  Roxanne (D)
  A frost giant (D)
  A cacodemon (D)
  A draconian shifter (D)
  3 lorocyprocas (D)
  A yaktaur captain (D)
  A fire dragon (D)
  An ice dragon (D)
  A centaur warrior (D)
  2 hell hogs (D)
  Sonja (D)
  3 sixfirhies (D)
  A skeletal warrior (D)
  2 death drakes (D)
  2 deep trolls (D)
  A glowing orange brain (D)
  An orange crystal statue (D)
  A harpy (D)
  3 orc sorcerers (D)
  3 manticores (D)
  10 shining eyes (D)
  A merfolk siren (D)
  2 toenail golems (D)
  An eye of devastation (D)
  An unseen horror (D)
  A yaktaur (D)
  2 cane toads (D)
  A kobold demonologist (D)
  A hornet (D)
  4 polar bears (D)
  13 flying skulls (D)
  2 redbacks (D)
  4 wyverns (D)
  3 yaks (D)
  Menkaure (D)
  3 water moccasins (D)
  9 floating eyes (D)
  2 swamp drakes (D)
  A necrophage (D)
  5 scorpions (D)
  9 electric eels (D)
  4 lava snakes (D)
  An iron imp (D)
  A jelly (D)
  2 orc priests (D)
  3 worms (D)
  A ballistomycete spore (D)
  3 tentacles (D)
133 creatures vanquished.

Vanquished Creatures (collateral kills)
  the Lernaean hydra (D)
  A curse toe (D)
  A quicksilver dragon (D)
  Murray (D)
  2 sphinxes (D)
  A vampire knight (D)
  Nessos (D)
  A dire elephant (D)
  A crystal guardian (D)
  A deep elf high priest (D)
  An oklob plant (D)
  2 shining eyes (D)
  A polar bear (D)
  5 flying skulls (D)
  A floating eye (D)
  2 orc priests (D)
  A tentacle (D)
24 creatures vanquished.

Vanquished Creatures (others)
  An elephant (D)
  An unseen horror (D)
  A water moccasin (D)
  A ballistomycete spore (D)
  19 tentacles (D)
23 creatures vanquished.

Grand Total: 180 creatures vanquished

Notes
Turn   | Place    | Note
-------+----------+-------------------------------------------
     0 | D        | xpp the Draconian Berserker began the quest for the Orb.
     0 | D        | Reached XP level 1. HP: 19/19 MP: 1/1
     1 | D        | Noticed a wyvern
     1 | D        | Noticed a wyvern
     4 | D        | Noticed a scorpion
     4 | D        | Noticed a scorpion
    15 | D        | Reached skill level 3 in Dodging
   127 | D        | Reached ** piety under Trog
   128 | D        | Reached XP level 2. HP: 13/27 MP: 2/2
   184 | D        | Killed a water moccasin
   327 | D        | Noticed a merfolk siren
   335 | D        | Killed a merfolk siren
   336 | D        | Reached skill level 8 in Dodging
   336 | D        | Reached XP level 3. HP: 9/40 MP: 3/3
   336 | D        | Reached XP level 4. HP: 11/48 MP: 4/4
   336 | D        | Reached XP level 5. HP: 12/53 MP: 5/5
   336 | D        | Reached XP level 6. HP: 13/61 MP: 6/6
   591 | D        | Reached *** piety under Trog
   592 | D        | Reached skill level 9 in Dodging
   594 | D        | Your scales start taking on a pale cyan-grey colour.
   594 | D        | Reached XP level 7. HP: 70/70 MP: 7/7
   594 | D        | Gained mutation: You are immune to the effects of steam.
                  | [Pale Draconian growth]
   602 | D        | Noticed a flying skull
   602 | D        | Noticed a flying skull
   602 | D        | Noticed a flying skull
   602 | D        | Noticed a flying skull
   602 | D        | Noticed a flying skull
   602 | D        | Noticed a flying skull
   602 | D        | Noticed a flying skull
   602 | D        | Noticed a flying skull
   603 | D        | Noticed a flying skull
   603 | D        | Noticed a flying skull
   603 | D        | Noticed a flying skull
   603 | D        | Noticed a flying skull
   604 | D        | Noticed Menkaure
   612 | D        | Killed Menkaure
   613 | D        | Reached skill level 10 in Long Blades
   648 | D        | Killed a wyvern
   648 | D        | Reached **** piety under Trog
   649 | D        | Reached skill level 10 in Dodging
   653 | D        | Killed a wyvern
   654 | D        | Reached skill level 10 in Fighting
   923 | D        | Found Tecrytit's Antique Armour Emporium.
   923 | D        | Found Yxtupioto's Distillery.
   923 | D        | Found Masoz's Book Shoppe.
   923 | D        | Found Zycozuobeu's Antique Weapon Emporium.
   923 | D        | Found Wumat's Book Shoppe.
   923 | D        | Found Qawude's Magic Scroll Shoppe.
   923 | D        | Found Cihups's Jewellery Shoppe.
   924 | D        | Found Nixelisu's Distillery.
   924 | D        | Found Hire Vuq's Magic Scroll Shoppe.
   927 | D        | Found Ehenki Cimi's Antique Armour Shoppe.
   927 | D        | Found Zuoss's Antique Weapon Emporium.
   938 | D        | Reached XP level 8. HP: 79/79 MP: 8/8
   983 | D        | Found Moudoler's Distillery.
   983 | D        | Found Ataq's Magic Scroll Shoppe.
   983 | D        | Noticed an oklob plant
   984 | D        | Found Icoleokhlyrr's Book Shoppe.
   984 | D        | Found Faimnist's Jewellery Emporium.
   985 | D        | Noticed a hell hog
   985 | D        | Noticed a hell hog
   989 | D        | Noticed a fire dragon
  1010 | D        | Bought a scroll of blinking for 90 gold pieces
  1013 | D        | Bought a potion of curing for 42 gold pieces
  1013 | D        | Bought a potion of heal wounds for 70 gold pieces
  1013 | D        | Bought a potion of curing for 42 gold pieces
  1013 | D        | Bought a potion of heal wounds for 70 gold pieces
  1018 | D        | Bought an amulet of regeneration for 330 gold pieces
  1028 | D        | Bought a potion of curing for 30 gold pieces
  1028 | D        | Bought a potion of curing for 30 gold pieces
  1061 | D        | Killed a flying skull
  1072 | D        | Killed a flying skull
  1072 | D        | Reached ***** piety under Trog
  1073 | D        | Reached skill level 11 in Dodging
  1079 | D        | Killed a flying skull
  1085 | D        | Killed a flying skull
  1090 | D        | Killed a flying skull
  1092 | D        | Killed a flying skull
  1092 | D        | Killed a flying skull
  1092 | D        | Received a gift from Trog
  1097 | D        | Killed a flying skull
  1098 | D        | Reached XP level 9. HP: 54/89 MP: 9/9
  1128 | D        | Reached skill level 12 in Dodging
  1247 | D        | Noticed Kirke
  1247 | D        | Noticed a skeletal warrior
  1247 | D        | Noticed a kobold demonologist
  1281 | D        | Killed Kirke
  1282 | D        | Reached skill level 13 in Dodging
  1282 | D        | Reached XP level 10. HP: 99/99 MP: 10/10
  1288 | D        | Killed a skeletal warrior
  1289 | D        | Reached skill level 15 in Long Blades
  1360 | D        | Noticed a centaur warrior
  1411 | D        | Noticed a yaktaur captain
  1418 | D        | Killed a yaktaur captain
  1419 | D        | Reached skill level 14 in Dodging
  1466 | D        | Killed a centaur warrior
  1495 | D        | Killed an elephant
  1519 | D        | Bought a pair of gloves for 99 gold pieces
  1563 | D        | Found a blossoming altar of Fedhas.
  1564 | D        | Found a white marble altar of Elyvilon.
  1564 | D        | Found an opulent altar of Gozag.
  1564 | D        | Found a burning altar of Makhleb.
  1565 | D        | Found a shadowy altar of Dithmenos.
  1565 | D        | Found a corrupted altar of Lugonu.
  1566 | D        | Found a snail-covered altar of Cheibriados.
  1566 | D        | Found an ancient bone altar of Kikubaaqudgha.
  1566 | D        | Found a bloodstained altar of Trog.
  1567 | D        | Found a viscous altar of Jiyva.
  1567 | D        | Found a shimmering blue altar of Sif Muna.
  1568 | D        | Found a hazy altar of Hepliaklqana.
  1568 | D        | Found a sacrificial altar of Ru.
  1587 | D        | Noticed a death drake
  1625 | D        | Received a gift from Trog
  1678 | D        | Killed a death drake
  1735 | D        | Noticed a crystal guardian
  1750 | D        | Found a shimmering altar of Xom.
  1760 | D        | Found a sparkling altar of Nemelex Xobeh.
  1760 | D        | Found a hide-covered altar of Uskayaw.
  1760 | D        | Killed a crystal guardian
  1762 | D        | Noticed a death drake
  1770 | D        | Killed a death drake
  1771 | D        | Reached skill level 15 in Dodging
  1771 | D        | Reached XP level 11. HP: 108/108 MP: 3/11
  2005 | D        | Paralysed by a hornet for 2 turns
  2008 | D        | Identified the +7 scimitar of Feavuz {flame, Fly} (Trog
                  | gifted it to you in the Dungeon)
  2008 | D        | Received a gift from Trog
  2047 | D        | Found a stormy altar of Qazlal.
  2047 | D        | Found an ornate altar of the Wu Jian Council.
  2201 | D        | Found a basalt altar of Yredelemnul.
  2201 | D        | Found a glowing golden altar of the Shining One.
  2202 | D        | Found an iron altar of Okawaru.
  2202 | D        | Found a radiant altar of Vehumet.
  2202 | D        | Found a glowing silver altar of Zin.
  2232 | D        | Noticed a kraken
  2323 | D        | Killed a kraken
  2569 | D        | Bought a potion of curing for 30 gold pieces
  2569 | D        | Bought 2 potions of heal wounds for 100 gold pieces
  2569 | D        | Bought a potion of curing for 30 gold pieces
  2569 | D        | Bought a potion of heal wounds for 50 gold pieces
  2573 | D        | Bought a runed cloak for 195 gold pieces
  2578 | D        | Bought a hat for 104 gold pieces
  2627 | D        | Noticed an ice dragon
  2630 | D        | Killed an ice dragon
  2631 | D        | Reached skill level 15 in Fighting
  2631 | D        | Reached skill level 16 in Dodging
  2725 | D        | Noticed a deep elf master archer
  2825 | D        | Bought a scroll of identify for 28 gold pieces
  2833 | D        | Bought a scroll of identify for 28 gold pieces
  2833 | D        | Bought a scroll of identify for 28 gold pieces
  2843 | D        | Gained mutation: Your large and strong wings let you fly.
                  | [potion of mutation]
  2843 | D        | Gained mutation: Your flesh is cold resistant. (rC+)
                  | [potion of mutation]
  2916 | D        | Noticed a deep troll
  2916 | D        | Noticed a deep troll
  2936 | D        | Killed a deep troll
  2943 | D        | Killed a deep troll
  3021 | D        | Noticed a sphinx
  3021 | D        | Noticed a sphinx
  3029 | D        | Killed a sphinx
  3030 | D        | Reached skill level 17 in Dodging
  3034 | D        | Killed a sphinx
  3035 | D        | Reached XP level 12. HP: 124/124 MP: 12/12
  3131 | D        | Noticed a hellephant
  3131 | D        | Noticed Sonja
  3131 | D        | Noticed a red draconian shifter
  3168 | D        | Received a gift from Trog
  3237 | D        | Bought a ring of protection from fire for 275 gold pieces
  3245 | D        | Bought a ring of protection from fire for 250 gold pieces
  3299 | D        | Killed a hellephant
  3300 | D        | Reached skill level 18 in Dodging
  3408 | D        | Killed Sonja
  3442 | D        | Killed a red draconian shifter
  3699 | D        | Noticed a deep elf blademaster
  3712 | D        | Killed a deep elf blademaster
  3713 | D        | Reached skill level 19 in Dodging
  3864 | D        | Identified Roxanne's Catalogue of Earth
  3864 | D        | Noticed Roxanne
  3908 | D        | Paralysed by a floating eye for 3 turns
  3947 | D        | Gained mutation: You are dopey. (Int -2) [a shining eye]
  3949 | D        | Received a gift from Trog
  3989 | D        | Paralysed by a floating eye for 3 turns
  3994 | D        | Paralysed by a floating eye for 2 turns
  4002 | D        | Gained mutation: You are clumsy. (Dex -2) [a shining eye]
  4019 | D        | Paralysed by a floating eye for 4 turns
  4039 | D        | Gained mutation: You occasionally shout uncontrollably at
                  | your foes. [a shining eye]
  4044 | D        | Received a gift from Trog
  4089 | D        | Paralysed by a floating eye for 2 turns
  4091 | D        | Reached ****** piety under Trog
  4185 | D        | Gained mutation: Your tail ends in a poisonous barb. [a
                  | shining eye]
  4186 | D        | Gained mutation: You are frail. (-10% HP) [a shining eye]
  4190 | D        | Gained mutation: You are very frail. (-20% HP) [a shining
                  | eye]
  4259 | D        | Gained mutation: You are very clumsy. (Dex -4) [a shining
                  | eye]
  4390 | D        | Paralysed by a floating eye for 3 turns
  4391 | D        | Gained mutation: Potions are less effective at restoring
                  | your health. [a shining eye]
  4403 | D        | Paralysed by a floating eye for 2 turns
  4407 | D        | Reached skill level 20 in Dodging
  4424 | D        | Gained mutation: Your body sometimes deteriorates upon
                  | taking damage. [a shining eye]
  4504 | D        | Bought a potion of mutation for 80 gold pieces
  4504 | D        | Lost mutation: You are dopey. (Int -2) [potion of mutation]
  4504 | D        | Lost mutation: You are very frail. (-20% HP) [potion of
                  | mutation]
  4504 | D        | Lost mutation: Your body sometimes deteriorates upon taking
                  | damage. [potion of mutation]
  4509 | D        | Bought 2 scrolls of identify for 48 gold pieces
  4509 | D        | Bought a scroll of identify for 24 gold pieces
  4519 | D        | Bought a scroll of acquirement for 624 gold pieces
  4519 | D        | Acquired the +5 double sword of a Labyrinth {protect,
                  | rPois}
  4618 | D        | Paralysed by a floating eye for 2 turns
  4621 | D        | Received a gift from Trog
  4625 | D        | Paralysed by a floating eye for 4 turns
  4639 | D        | Paralysed by a floating eye for 2 turns
  4703 | D        | Gained mutation: You are very frail. (-20% HP) [a shining
                  | eye]
  4706 | D        | Reached XP level 13. HP: 109/109 MP: 13/13
  4762 | D        | Paralysed by a floating eye for 2 turns
  4794 | D        | Lost mutation: You are very frail. (-20% HP) [potion of
                  | mutation]
  4794 | D        | Lost mutation: You are frail. (-10% HP) [potion of
                  | mutation]
  4795 | D        | Lost mutation: You are very clumsy. (Dex -4) [potion of
                  | mutation]
  4795 | D        | Lost mutation: Your flesh is cold resistant. (rC+) [potion
                  | of mutation]
  4795 | D        | Gained mutation: You are frail. (-10% HP) [potion of
                  | mutation]
  4795 | D        | Gained mutation: You tend to lose your temper in combat.
                  | [potion of mutation]
  4795 | D        | Gained mutation: You evolve. [potion of mutation]
  4796 | D        | Lost mutation: Your tail ends in a poisonous barb. [potion
                  | of mutation]
  4796 | D        | Lost mutation: You evolve. [potion of mutation]
  4796 | D        | Lost mutation: You are clumsy. (Dex -2) [potion of
                  | mutation]
  4796 | D        | Gained mutation: You are clumsy. (Dex -2) [potion of
                  | mutation]
  4797 | D        | Lost mutation: You are clumsy. (Dex -2) [potion of
                  | mutation]
  4797 | D        | Lost mutation: You are frail. (-10% HP) [potion of
                  | mutation]
  4797 | D        | Gained mutation: Your muscles are strong. (Str +2) [potion
                  | of mutation]
  4797 | D        | Gained mutation: You are agile. (Dex +2) [potion of
                  | mutation]
  4798 | D        | Lost mutation: You are agile. (Dex +2) [potion of mutation]
  4798 | D        | Lost mutation: Potions are less effective at restoring your
                  | health. [potion of mutation]
  4798 | D        | Lost mutation: Your muscles are strong. (Str +2) [potion of
                  | mutation]
  4798 | D        | Gained mutation: Your flesh is heat resistant. (rF+)
                  | [potion of mutation]
  4798 | D        | Gained mutation: You are frail. (-10% HP) [potion of
                  | mutation]
  4798 | D        | Gained mutation: Your body sometimes deteriorates upon
                  | taking damage. [potion of mutation]
  4799 | D        | Lost mutation: You are frail. (-10% HP) [potion of
                  | mutation]
  4799 | D        | Lost mutation: You occasionally shout uncontrollably at
                  | your foes. [potion of mutation]
  4799 | D        | Gained mutation: You evolve. [potion of mutation]
  4800 | D        | Lost mutation: Your flesh is heat resistant. (rF+) [potion
                  | of mutation]
  4800 | D        | Lost mutation: Your body sometimes deteriorates upon taking
                  | damage. [potion of mutation]
  4800 | D        | Lost mutation: Your large and strong wings let you fly.
                  | [potion of mutation]
  4800 | D        | Gained mutation: You are dopey. (Int -2) [potion of
                  | mutation]
  4802 | D        | Lost mutation: You are dopey. (Int -2) [potion of mutation]
  4802 | D        | Lost mutation: You tend to lose your temper in combat.
                  | [potion of mutation]
  4802 | D        | Gained mutation: You are strong-willed. (Will+) [potion of
                  | mutation]
  4802 | D        | Gained mutation: You have large cloven feet. [potion of
                  | mutation]
  4962 | D        | Found Duorr's Book Shoppe.
  4963 | D        | Found Lyrph's Jewellery Boutique.
  5006 | D        | Found Ziduj's Book Emporium.
  5008 | D        | Found Vuklemad's General Store.
  5010 | D        | Noticed Nessos
  5040 | D        | Killed Nessos
  5053 | D        | Acquired the ring "Igumes" {rElec rCorr}
  5092 | D        | Identified the +7 long sword "Popros" {vorpal, rPois
                  | Will++} (Trog gifted it to you in the Dungeon)
  5092 | D        | Received a gift from Trog
  5116 | D        | Noticed Gastronok
  5125 | D        | Killed Gastronok
  5182 | D        | Noticed a dire elephant
  5188 | D        | Killed a dire elephant
  5195 | D        | Reached skill level 21 in Dodging
  5195 | D        | Received a gift from Trog
  5207 | D        | Found the +7 captain's cutlass {speed, disarm}
  5249 | D        | Identified the ring "Ofuthohe" {Ice Stlth+}
  5394 | D        | Identified the +8 great sword "Qewylo" {antimagic, *Slow
                  | +Blink rN++ Stlth+} (Trog gifted it to you in the Dungeon)
  5394 | D        | Received a gift from Trog
  5478 | D        | Noticed a golden dragon
  5523 | D        | Noticed a bone dragon
  5523 | D        | Noticed a storm dragon
  5527 | D        | Noticed a cacodemon
  5527 | D        | Noticed a frost giant
  5668 | D        | Killed a cacodemon
  5768 | D        | Killed a bone dragon
  5817 | D        | Killed a storm dragon
  5818 | D        | Reached skill level 22 in Dodging
  5831 | D        | Killed a golden dragon
  5883 | D        | Killed a frost giant
  6101 | D        | Received a gift from Trog
  6137 | D        | Found Reocs's Magic Scroll Emporium.
  6137 | D        | Found Qaugui's Magic Scroll Shop.
  6138 | D        | Found Tentueda's Book Shop.
  6138 | D        | Found Dofraurr's Armour Shoppe.
  6138 | D        | Found Ywka's Magic Scroll Boutique.
  6138 | D        | Found Hoifiez's General Store.
  6138 | D        | Found Daxt's Assorted Antiques.
  6138 | D        | Found Soetorut's Armour Shoppe.
  6138 | D        | Found Xysiar's General Store.
  6138 | D        | Found Lionuyn's Jewellery Emporium.
  6138 | D        | Found Raorhyuh's Jewellery Shop.
  6138 | D        | Found Xecroc's Jewellery Shoppe.
  6147 | D        | Bought a scroll of blinking for 172 gold pieces
  6151 | D        | Bought an amulet of reflection for 300 gold pieces
  6166 | D        | Bought a potion of heal wounds for 50 gold pieces
  6170 | D        | Bought a scroll of blinking for 90 gold pieces
  6170 | D        | Bought a scroll of blinking for 90 gold pieces
  6172 | D        | Bought a +0 pair of boots for 58 gold pieces
  6178 | D        | Bought a scroll of enchant armour for 97 gold pieces
  6178 | D        | Bought a scroll of blinking for 97 gold pieces
  6178 | D        | Bought a scroll of identify for 26 gold pieces
  6187 | D        | Bought a scroll of blinking for 105 gold pieces
  6204 | D        | Reached skill level 23 in Dodging
  6281 | D        | Noticed Nikola
  6292 | D        | Noticed the 27-headed Lernaean hydra
  6292 | D        | Gained mutation: Your magical capacity is low. (-10% MP)
                  | [mutagenic glow]
  6307 | D        | Gained mutation: You are clumsy. (Dex -2) [mutagenic glow]
  6314 | D        | Gained mutation: You sometimes lose the ability to read
                  | scrolls when taking damage. [mutagenic glow]
  6331 | D        | Gained mutation: You are frail. (-10% HP) [mutagenic glow]
  6350 | D        | Gained mutation: You are very clumsy. (Dex -4) [mutagenic
                  | glow]
  6431 | D        | Lost mutation: You are frail. (-10% HP) [potion of
                  | mutation]
  6431 | D        | Lost mutation: You have large cloven feet. [potion of
                  | mutation]
  6431 | D        | Gained mutation: You expend magic power (3 MP) to
                  | strengthen your wands. [potion of mutation]
  6432 | D        | Lost mutation: You expend magic power (3 MP) to strengthen
                  | your wands. [potion of mutation]
  6432 | D        | Lost mutation: You sometimes lose the ability to read
                  | scrolls when taking damage. [potion of mutation]
  6432 | D        | Gained mutation: Your muscles are strong. (Str +2) [potion
                  | of mutation]
  6432 | D        | Gained mutation: Your flesh is cold resistant. (rC+)
                  | [potion of mutation]
  6446 | D        | Killed a fire dragon
  6609 | D        | Acquired a manual of Long Blades
  6632 | D        | Reached XP level 14. HP: 128/151 MP: 12/12
  6768 | D        | Received a gift from Trog
  6816 | D        | Gained mutation: You expend magic power (3 MP) to
                  | strengthen your wands. [evolution]
  6828 | D        | Killed Nikola
  7185 | D        | Killed the 26-headed Lernaean hydra
  7186 | D        | Reached skill level 1 in Shields
  7193 | D        | Found Zuli's Book Shoppe.
  7339 | D        | Identified the ring of Moral Flaws {Contam Fly rCorr Dex+4}
  7388 | D        | Lost mutation: Your muscles are strong. (Str +2) [mutagenic
                  | glow]
  7401 | D        | Lost mutation: Your flesh is cold resistant. (rC+) [potion
                  | of mutation]
  7401 | D        | Lost mutation: Your magical capacity is low. (-10% MP)
                  | [potion of mutation]
  7401 | D        | Lost mutation: You are very clumsy. (Dex -4) [potion of
                  | mutation]
  7401 | D        | Gained mutation: Your flesh is heat resistant. (rF+)
                  | [potion of mutation]
  7401 | D        | Gained mutation: Your magical capacity is low. (-10% MP)
                  | [potion of mutation]
  7401 | D        | Gained mutation: You passively dampen the noise of your
                  | surroundings. [potion of mutation]
  7494 | D        | Noticed a quicksilver dragon
  7508 | D        | Killed a quicksilver dragon
  7509 | D        | Reached skill level 24 in Dodging
  7770 | D        | Noticed a quicksilver dragon
  7798 | D        | Killed a quicksilver dragon
  7843 | D        | Noticed a quicksilver dragon
  7894 | D        | Killed a quicksilver dragon
  8188 | D        | Noticed Murray
  8203 | D        | Killed Murray
  8209 | D        | Noticed a royal mummy
  8209 | D        | Noticed a curse toe
  8209 | D        | Noticed a vampire knight
  8210 | D        | Killed a vampire knight
  8213 | D        | Noticed Gloorx Vloq
  8214 | D        | Killed a curse toe
  8214 | D        | Received a gift from Trog
  8215 | D        | Reached skill level 5 in Shields
  8219 | D        | Noticed an Executioner
  8219 | D        | Noticed an Executioner
  8237 | D        | HP: 5/155 [Executioner[Gloorx Vloq] (3)]
  8618 | D        | Bought a scroll of identify for 24 gold pieces
  8618 | D        | Bought a scroll of identify for 24 gold pieces
  8619 | D        | Reached XP level 15. HP: 161/161 MP: 13/13
  8640 | D        | Gained mutation: Your mind is acute. (Int +2) [evolution]
  8845 | D        | Killed Roxanne
  8846 | D        | Reached skill level 25 in Dodging
  8947 | D        | Killed from afar by Gloorx Vloq

Illustrated notes

Levels and vault maps discovered:
D:        the_violet_keep_of_menkaure [sprint2_stairs_cluster_1,
          sprint2_shoproom, sprint2_temple, sprint2_basic_supplies,
          sprint2_obstacle_7, sprint2_obstacle_5, sprint2_obstacle_1,
          sprint2_obstacle_4, sprint2_obstacle_6, sprint2_timed_cluster_1,
          sprint2_smallroom_cluster_1, sprint2_smallroom_final_cluster_1,
          sprint2_transparent_cluster_1, sprint2_second_timed_cluster_1,
          sprint2_sniper_area_1, sprint2_heavy_combat_area_1,
          sprint2_mutation_trap_area_1, sprint2_forest_area_1,
          sprint2_light_combat_area_1, sprint2_behind_water_1,
          sprint2_near_end_vault_1]

Skill      XL: |  1  2  3  4  5  6  7  8  9 10 11 12 13 14 15 |
---------------+----------------------------------------------+-----
Dodging        | 3 8 9 10 11 13 15 17 20 23 24 25 | 25.0
Fighting       | 4 8 9 10 11 12 13 16 19 21 22 | 22.4
Long Blades    | 8 9 10 12 14 16 17 18 19 | 19.0
Shields        | 5 6 |  6.0
Crossbows      | |  0.7

Action                   |  1- 3 |  4- 6 |  7- 9 | 10-12 | 13-15 || total
-------------------------+-------+-------+-------+-------+-------++-------
Melee: Falchion          |    17 |     7 |    76 |       |       ||   100
       Tailslap          |     2 |     1 |    11 |    38 |    42 ||    94
       Great sword       |       |       |    20 |    27 |       ||    47
       Long sword        |       |       |       |    32 |    11 ||    43
       Scimitar          |       |       |       |   131 |   159 ||   290
       Double sword      |       |       |       |     7 |    56 ||    63
       Kick              |       |       |       |       |    37 ||    37
 Fire: Arbalest          |       |       |       |     1 |       ||     1
Invok: Berserk           |     2 |     1 |     6 |    24 |    12 ||    45
       Trog's Hand       |       |       |     3 |     3 |     9 ||    15
       Brothers in Arms  |       |       |     3 |     7 |    17 ||    27
 Abil: Breathe Steam     |       |       |     7 |    17 |     7 ||    31
  Use: Potion            |       |       |     2 |     6 |    21 ||    29
       Scroll            |       |       |       |    14 |    10 ||    24
 Stab: Distracted        |       |       |       |     1 |       ||     1
       Sleeping          |       |       |       |       |     2 ||     2
Armor: Skin              |       |     3 |    15 |    30 |    64 ||   112
Dodge: Dodged            |     5 |     2 |    67 |   133 |   179 ||   386
Block: Other             |       |       |       |       |    21 ||    21
       Rpst.: Falchion   |     2 |     2 |    17 |       |       ||    21
       Great sword       |       |       |     3 |     2 |       ||     5
       Long sword        |       |       |       |     2 |     2 ||     4
       Scimitar          |       |       |       |    15 |    12 ||    27
       Double sword      |       |       |       |       |     8 ||     8
